 Dungeon Crawl Stone Soup version 0.24-a0-290-gbb66a67 (webtiles) character file.

Game seed: 5776346604434773310

3624 sankara the Carver (level 9, -3/72 HPs)
             Began as a Minotaur Berserker on May 8, 2019.
             Was a High Priest of Trog.
             Slain by a two-headed ogre
             ... wielding a +0 giant club
              (13 damage)
             ... on level 8 of the Dungeon.
             The game lasted 00:28:15 (8268 turns).

sankara the Carver (Minotaur Berserker)             Turns: 8268, Time: 00:28:15

Health: -3/72      AC:  7    Str: 21    XL:     9   Next: 87%
Magic:  8/8        EV: 13    Int:  4    God:    Trog [*****.]
Gold:   460        SH:  0    Dex: 14    Spells: 8/8 levels left

rFire    . . .     SeeInvis .   H - +5 long sword (curse)
rCold    . . .     Gourm    .   (no shield)
rNeg     . . .     Faith    .   t - +0 leather armour
rPois    .         Spirit   .   (helmet restricted)
rElec    .         Reflect  .   v - +0 cloak
rCorr    .         Harm     .   f - +0 pair of gloves
MR       .....                  J - +1 pair of boots
Stlth    +++.......             I - amulet of rage {+Rage, !d}
HPRegen  0.22/turn              (no ring)
MPRegen  0.11/turn              (no ring)

@: no status effects
A: retaliatory headbutt, horns 2
a: Berserk, Trog's Hand, Brothers in Arms, Renounce Religion, Evoke Berserk Rage


You were on level 8 of the Dungeon.
You worshipped Trog.
Trog was extremely pleased with you.
You were not hungry.

You visited 2 branches of the dungeon, and saw 9 of its levels.
You also visited: Ossuary.

You collected 460 gold pieces.

Inventory:

Hand Weapons
 a - a +3 rapier of electrocution
   (You took it off Eustachio on level 5 of the Dungeon)
 b - a +0 hunting sling
   (You found it on level 2 of the Dungeon)
 F - a +0 falchion
 H - a cursed +5 long sword (weapon)
   (You took it off a wight on level 6 of the Dungeon)
 O - a +1 dagger of venom
   (You took it off a kobold on level 7 of the Dungeon)
 P - a +0 blowgun
   (You took it off a kobold on level 7 of the Dungeon)
Missiles
 c - 6 exploding tomahawks
 e - 7 tomahawks
 i - 172 stones (quivered)
 y - 2 throwing nets {=f, !d}
 B - 6 needles of confusion
 K - 57 sling bullets
 L - 63 poisoned needles
 M - 6 poisoned tomahawks
Armour
 f - a +0 pair of gloves (worn)
   (You found it on level 1 of the Dungeon)
 t - a +0 leather armour (worn)
   (You found it on level 3 of the Dungeon)
 v - a +0 cloak (worn)
   (You found it on level 5 of the Dungeon)
 J - a +1 pair of boots (worn)
   (You found it on level 6 of the Dungeon)
 S - a +0 shield
   (You took it off a gnoll sergeant on level 7 of the Dungeon)
Jewellery
 s - an uncursed ring of ice {rC+, rF-}
   (You found it on level 3 of the Dungeon)
 I - an amulet of rage (around neck) {+Rage, !d}
   (You found it on level 6 of the Dungeon)
Wands
 N - a wand of random effects (28)
   (You took it off Duvessa on level 7 of the Dungeon)
Scrolls
 k - 6 scrolls of remove curse
 m - 12 scrolls of identify {unknown}
 n - 2 scrolls of noise {unknown}
 p - a scroll of fog {unknown}
 q - 3 scrolls of magic mapping {unknown}
 u - 4 scrolls of teleportation {unknown}
 x - 4 scrolls of amnesia {unknown}
 C - a scroll of enchant weapon {unknown}
 E - 2 scrolls of silence {unknown}
Potions
 d - 6 potions of haste {unknown}
 g - 4 potions of agility
 h - 2 potions of heal wounds {unknown}
 l - a potion of lignification {unknown}
 o - 3 potions of might {unknown}
 r - a potion of berserk rage {!q}
 w - 3 potions of ambrosia {unknown}
 z - 3 potions of flight {unknown}
 A - 2 potions of mutation {unknown}
 D - 3 potions of magic {unknown}
 G - 6 potions of degeneration {unknown}
 Q - 2 potions of curing {unknown}
Comestibles
 j - 11 rations
 R - 3 chunks of flesh {@w0}


   Skills:
 + Level 4.5 Fighting
 * Level 12.1 Long Blades
 + Level 6.5 Throwing
 - Level 2.4 Armour
 + Level 3.2 Dodging
 + Level 6.2 Stealth


You had 8 spell levels left.
You didn't know any spells.
Your spell library was empty.

Dungeon Overview and Level Annotations

Branches:
Dungeon (8/15)             Temple (1/1) D:5
   Lair: D:8-11

Altars:
Ashenzari
Dithmenos
Elyvilon
Gozag
Hepliaklqana
Kikubaaqudgha
Makhleb
Okawaru
Qazlal
Sif Muna
Trog
Uskayaw
Vehumet
Wu Jian
Xom
Yredelemnul
Zin
The Shining One


Innate Abilities, Weirdness & Mutations

You reflexively headbutt those who attack you in melee.
You have a pair of horns on your head.


Message History

The sky beast is severely wounded.
The sky beast hits you but does no damage.
You miss the sky beast.
The sky beast is severely wounded.
The adder zombie bites you but does no damage.
The sky beast hits you but does no damage.
You hit the sky beast.
The sky beast is severely wounded.
The adder zombie barely misses you.
The sky beast hits you but does no damage.
You slash the sky beast!
You kill the sky beast!
Trog accepts your kill.
Your Long Blades skill increases to level 12!
Your Dodging skill increases to level 3!
The adder zombie closely misses you. The eye of draining gazes at you.
You feel your power leaking away.
You slash the adder zombie!
The adder zombie is severely damaged.
The adder zombie barely misses you.
You closely miss the adder zombie.
The adder zombie is severely damaged.
The adder zombie closely misses you. You furiously retaliate!
You headbutt the adder zombie. You slash the adder zombie!
You destroy the adder zombie!
Trog accepts your kill.
You hit the eye of draining. You headbutt the eye of draining!
The eye of draining is moderately wounded.
You slash the eye of draining! You headbutt the eye of draining!
The eye of draining is severely wounded.
You slash the eye of draining! You headbutt the eye of draining.
You kill the eye of draining!
Trog accepts your kill.
No target in view!
No target in view!
You see here a sky beast corpse.
You see here a sky beast corpse.
There is an escape hatch in the ceiling here.
A mysterious force pulls you upwards. The hatch slams shut behind you.
Magic restored.
There is a stone staircase leading down here.
You climb downwards.
There is a stone staircase leading up here.
You now have 444 gold pieces (gained 13).
m - 12 scrolls labeled KUNGABBOHOIGAY (gained 1)
You now have 460 gold pieces (gained 16).
A necrophage comes into view.
A necrophage is nearby!
A necrophage is nearby!
The necrophage misses you. You furiously retaliate!
You headbutt the necrophage, but do no damage.
You riposte.
You closely miss the necrophage. Your headbutt misses the necrophage.
You slice the necrophage!!
The necrophage is severely damaged.
The necrophage hits you but does no damage.
You closely miss the necrophage.
The necrophage is severely damaged.
The necrophage closely misses you. You furiously retaliate!
You headbutt the necrophage.
You hit the necrophage but do no damage.
The necrophage is severely damaged.
You are feeling hungry.
You slash the necrophage!
You destroy the necrophage!
Trog accepts your kill.
No target in view!
No target in view!
No target in view!
Eating one of 4 chunks of flesh {@w0}.
You eat one of the 4 chunks of flesh {@w0}.
This raw flesh tastes terrible.
Found a stone staircase leading down.
There is a stone staircase leading down here.
Found a stone staircase leading down.
There is a stone staircase leading down here.
A two-headed ogre comes into view. It is wielding two +0 giant clubs.
The helpless two-headed ogre fails to defend itself.
You slash the two-headed ogre!
The two-headed ogre is moderately wounded.
The two-headed ogre hits you with a +0 giant club!!
The two-headed ogre closely misses you.
You are too injured to fight recklessly!
You are too injured to fight recklessly!
You are too injured to fight recklessly!
You slash the two-headed ogre!
The two-headed ogre is heavily wounded.
You hit the two-headed ogre.
The two-headed ogre is heavily wounded.
The two-headed ogre hits you with a +0 giant club!
The two-headed ogre hits you with a +0 giant club!!
* * * LOW HITPOINT WARNING * * *
You hit the two-headed ogre.
The two-headed ogre is severely wounded.
The two-headed ogre misses you.
You riposte.
You slash the two-headed ogre!
The two-headed ogre is severely wounded.
The two-headed ogre hits you with a +0 giant club!
You die...

...####
.##...# ###
##.##.# #..
#.###.# #.#
.## #.# #.# ##
#.# #.# # #.#
#.# #># #O#
#.# #@#
#.##########.#
#........>...#
##############


You could see a two-headed ogre.

Vanquished Creatures
  Eustachio (D:5)
  2 water moccasins
  Duvessa (D:7)
  2 sky beasts
  An ice beast (D:6)
  A black bear (D:5)
  An eye of draining (D:8)
  A necrophage (D:8)
  An orc warrior (D:7)
  4 ogres
  A centaur (D:6)
  A big kobold (D:7)
  3 bullfrogs
  An elf zombie (Ossuary)
  A gnoll sergeant (D:7)
  Dowan (D:7)
  3 scorpions
  A water moccasin skeleton (D:7)
  3 wights
  3 howler monkeys
  2 centaur zombies
  2 crimson imps
  2 human zombies (Ossuary)
  A bullfrog zombie (D:5)
  A jelly (D:6)
  3 orc wizards
  A gnoll shaman (D:8)
  4 orc priests
  A hound (D:3)
  5 iguanas
  4 worker ants
  A killer bee zombie (D:7)
  A big kobold zombie (Ossuary)
  A hound zombie (D:5)
  A hound skeleton (D:5)
  2 mummies (Ossuary)
  Robin (D:4)
  13 gnolls
  10 adders
  An ooze (D:3)
  2 adder skeletons (D:6)
  3 adder zombies
  2 worms
  3 dart slugs
  2 leopard geckos
  27 orcs
  6 bats
  5 giant cockroaches
  15 goblins
  10 hobgoblins
  A quokka (D:2)
  A ball python (D:2)
  5 frilled lizards
  2 goblin zombies (Ossuary)
  10 hobgoblin zombies (Ossuary)
  9 kobolds
  7 kobold zombies (Ossuary)
  10 orc zombies (Ossuary)
  9 rats
  A plant (D:1)
220 creatures vanquished.

Notes
Turn   | Place    | Note
-------+----------+-------------------------------------------
     0 | D:1      | sankara the Minotaur Berserker began the quest for the Orb.
     0 | D:1      | Reached XP level 1. HP: 19/19 MP: 0/0
   137 | D:1      | Reached skill level 4 in Long Blades
   153 | D:1      | Reached XP level 2. HP: 23/26 MP: 1/1
   178 | D:1      | HP: 4/26 [leopard gecko (5)]
   180 | D:1      | Reached skill level 1 in Stealth
   699 | D:1      | Reached ** piety under Trog
  1136 | D:2      | Reached XP level 3. HP: 28/31 MP: 2/2
  1288 | D:2      | Found a shimmering altar of Xom.
  1295 | D:2      | Found a shimmering altar of Xom.
  1295 | D:2      | Found a shimmering altar of Xom.
  1351 | D:2      | Reached skill level 5 in Long Blades
  1741 | D:3      | Reached XP level 4. HP: 31/39 MP: 3/3
  1939 | D:3      | Reached skill level 1 in Throwing
  1974 | D:3      | Reached skill level 2 in Stealth
  1974 | D:3      | Reached XP level 5. HP: 37/45 MP: 4/4
  2070 | D:3      | Reached skill level 6 in Long Blades
  2071 | D:3      | Found an ornate altar of the Wu Jian Council.
  2386 | D:3      | Found a burning altar of Makhleb.
  2833 | D:4      | Noticed an ogre
  2842 | D:4      | Killed an ogre
  2842 | D:4      | Reached skill level 2 in Throwing
  2842 | D:4      | Reached XP level 6. HP: 51/51 MP: 5/5
  2844 | D:4      | Reached *** piety under Trog
  2887 | D:4      | Reached skill level 7 in Long Blades
  3082 | D:4      | Reached skill level 3 in Stealth
  3132 | D:4      | Noticed Robin
  3180 | D:4      | Killed Robin
  3521 | D:4      | Noticed an angel
  3522 | D:4      | Found a glowing silver altar of Zin.
  3606 | D:4      | Reached XP level 7. HP: 57/57 MP: 6/6
  3693 | D:5      | Entered Level 5 of the Dungeon
  3777 | D:5      | Reached skill level 3 in Throwing
  3913 | D:5      | Found a staircase to the Ecumenical Temple.
  3966 | Temple   | Entered the Ecumenical Temple
  4202 | D:5      | Noticed Eustachio
  4211 | D:5      | HP: 12/57 [Eustachio/+3 rapier of electrocution (18)]
  4216 | D:5      | HP: 16/85 [Eustachio/+3 rapier of electrocution (2)]
  4218 | D:5      | Killed Eustachio
  4218 | D:5      | Reached skill level 8 in Long Blades
  4765 | D:6      | Reached skill level 4 in Stealth
  4830 | D:6      | Reached skill level 4 in Throwing
  4830 | D:6      | Reached XP level 8. HP: 46/64 MP: 7/7
  4953 | D:6      | Reached skill level 9 in Long Blades
  5155 | D:6      | Reached **** piety under Trog
  5597 | D:6      | Reached skill level 10 in Long Blades
  5749 | D:6      | Reached skill level 5 in Throwing
  5749 | D:6      | Reached skill level 5 in Stealth
  5992 | D:7      | Noticed Dowan
  5995 | D:7      | Noticed Duvessa
  6008 | D:7      | Killed Duvessa
  6008 | D:7      | Received a gift from Trog
  6008 | D:7      | Reached XP level 9. HP: 35/70 MP: 8/8
  6011 | D:7      | Killed Dowan
  6120 | D:7      | Reached skill level 11 in Long Blades
  6223 | D:7      | HP: 17/70 [poisoned by a kobold]
  6228 | D:7      | HP: 13/70 [poisoned by a kobold]
  6233 | D:7      | HP: 10/70 [poisoned by a kobold]
  6239 | D:7      | HP: 9/70 [poisoned by a kobold]
  6245 | D:7      | HP: 8/70 [poisoned by a kobold]
  6253 | D:7      | HP: 8/70 [poisoned by a kobold]
  6493 | D:7      | Found a sand-covered staircase.
  6556 | Ossuary  | Entered an ossuary
  6620 | Ossuary  | Received a gift from Trog
  6875 | D:7      | Reached skill level 6 in Throwing
  7184 | D:7      | Found an iron altar of Okawaru.
  7185 | D:7      | Found a bloodstained altar of Trog.
  7706 | D:8      | Found a shattered altar of Ashenzari.
  7725 | D:8      | Reached skill level 6 in Stealth
  7965 | D:8      | Reached skill level 4 in Fighting
  7978 | D:8      | Identified Sif Muna's Papyrus of Feathery Bewitchment
  8009 | D:8      | Reached ***** piety under Trog
  8124 | D:8      | Reached skill level 12 in Long Blades
  8124 | D:8      | Reached skill level 3 in Dodging
  8262 | D:8      | Noticed a two-headed ogre
  8267 | D:8      | HP: 10/72 [two-headed ogre/+0 giant club (26)]
  8268 | D:8      | Slain by a two-headed ogre

Levels and vault maps discovered:
D:1:      lightli_arrival_windingriver, layout_loops_cross, serial_rivers,
          chequers_serial_rivers_small_b, chequers_serial_rivers_micro_b,
          chequers_serial_rivers_micro_e, chequers_serial_rivers_small_b,
          chequers_big_river
D:2:      layout_rooms, xom_redecorated, first_ration
D:3:      layout_basic, old_standard_altar, makhleb_heckhound_becter
D:4:      layout_basic, zin_angel, uniq_robin
D:5:      layout_rooms, minmay_temple_entry_statues, serial_bayou_lagoon_b,
          uniq_eustachio
D:6:      layout_loops_cross
D:7:      layout_loops_ring, grunt_temple_overflow_bloody_war, enter_ossuary_5,
          uniq_duvessa
D:8:      layout_loops_ring, nemelex_xobeh_ov_fountains_minmay,
          overflow_temple_1_default, nicolae_ru_great_annihilating_truth,
          slow_altar_2
Temple:   grunt_temple_mini_profane

Skill      XL: |  1  2  3  4  5  6  7  8  9 |
---------------+----------------------------+-----
Long Blades    | 4 5 6 7 8 10 12 | 12.1
Stealth        | 1 2 3 4 5 6 |  6.2
Throwing       | 1 2 4 5 6 |  6.5
Fighting       | 4 |  4.5
Dodging        | 3 |  3.2
Armour         | |  2.4

Action                   |  1- 3 |  4- 6 |  7- 9 || total
-------------------------+-------+-------+-------++-------
Melee: Falchion          |   103 |    74 |    29 ||   206
       Headbutt          |    19 |    19 |    68 ||   106
       Rapier            |       |       |    13 ||    13
       Long sword        |       |       |   275 ||   275
 Fire: Hunting sling     |     4 |    73 |    27 ||   104
Throw: Stone             |       |       |     5 ||     5
Invok: Berserk           |       |       |     4 ||     4
       Trog's Hand       |       |       |     3 ||     3
  Use: Scroll            |       |     1 |       ||     1
 Stab: Sleeping          |       |       |     5 ||     5
       Distracted        |       |       |     1 ||     1
  Eat: Chunk             |     3 |     6 |    16 ||    25
       Ration            |       |       |     1 ||     1
Armor: Animal skin       |    20 |     1 |       ||    21
       Leather armour    |       |    13 |    96 ||   109
Dodge: Dodged            |    46 |    48 |   171 ||   265
       Rpst.: Falchion   |     4 |    13 |     8 ||    25
       Long sword        |       |       |    38 ||    38

Table legend:
 A = Non-vault XP
 B = Vault XP
 C = Vault XP percentage of total XP
 D = Non-vault monster count
 E = Vault monster count
 F = Vault count percentage of total count
                 A         B        C        D         E       F
            +---------+---------+-------+---------+---------+-------
      Total |    4337 |     841 |  16.2 |     165 |      54 |  24.7
            +---------+---------+-------+---------+---------+-------
        D:1 |      38 |       0 |   0.0 |      22 |       0 |   0.0
        D:2 |      39 |       0 |   0.0 |      16 |       0 |   0.0
        D:3 |     208 |      40 |  16.1 |      27 |       1 |   3.6
        D:4 |     385 |      34 |   8.1 |      16 |      11 |  40.7
        D:5 |     372 |     196 |  34.5 |      11 |       1 |   8.3
        D:6 |    1196 |       0 |   0.0 |      26 |       0 |   0.0
        D:7 |    1105 |     244 |  18.1 |      28 |       3 |   9.7
        D:8 |     994 |       0 |   0.0 |      19 |       0 |   0.0
    Ossuary |       0 |     327 | 100.0 |       0 |      38 | 100.0
            +---------+---------+-------+---------+---------+-------

Levels and vault maps discovered:
D:1:      lightli_arrival_windingriver, layout_loops_cross, serial_rivers,
          chequers_serial_rivers_small_b, chequers_serial_rivers_micro_b,
          chequers_serial_rivers_micro_e, chequers_serial_rivers_small_b,
          chequers_big_river
D:2:      layout_rooms, xom_redecorated, first_ration
D:3:      layout_basic, old_standard_altar, makhleb_heckhound_becter
D:4:      layout_basic, zin_angel, uniq_robin
D:5:      layout_rooms, minmay_temple_entry_statues, serial_bayou_lagoon_b,
          uniq_eustachio
D:6:      layout_loops_cross
D:7:      layout_loops_ring, grunt_temple_overflow_bloody_war, enter_ossuary_5,
          uniq_duvessa
D:8:      layout_loops_ring, nemelex_xobeh_ov_fountains_minmay,
          overflow_temple_1_default, nicolae_ru_great_annihilating_truth,
          slow_altar_2
Temple:   grunt_temple_mini_profane

Table legend:
 A = Turns spent in this place as a percentage of turns spent in the entire game.
 B = Non-inter-level travel turns spent in this place as a percentage of non-inter-level travel turns spent in the entire game.
 C = Inter-level travel turns spent in this place as a percentage of turns spent in this place.
 D = Turns resting spent in this place as a percentage of non-inter-level travel turns spent in this place.
 E = Turns spent auto-exploring this place as a percentage of non-inter-level travel turns spent in this place.
 F = Non-inter-level travel turns spent in this place divided by the number of levels of this place that you've seen.
                   A       B       C       D       E      F
               +-------+-------+-------+-------+-------+----------------------
         Total | 100.0 | 100.0 |   3.8 |  28.3 |  47.3 | 795.0
       Dungeon |  94.0 |  94.1 |   3.8 |  30.1 |  46.9 | 935.0
        Temple |   2.4 |   2.2 |  12.2 |   0.0 |  98.8 | 172.0
       Ossuary |   3.6 |   3.7 |   0.0 |   0.0 |  28.2 | 298.0
               +-------+-------+-------+-------+-------+----------------------

Table legend:
 A = Kills in this place as a percentage of kills in entire the game.
 B = Kills by you in this place as a percentage of kills by you in the entire game.
 C = Kills by friends in this place as a percentage of kills by friends in the entire game.
 D = Other kills in this place as a percentage of other kills in the entire game.
 E = Experience gained in this place as a percentage of experience gained in the entire game.
 F = Experience gained in this place divided by the number of levels of this place that you have seen.
                   A       B       C       D       E      F
               +-------+-------+-------+-------+-------+----------------------
         Total | 100.0 | 100.0 |   N/A |   N/A | 100.0 | 517.8
       Dungeon |  82.6 |  82.6 |   N/A |   N/A |  93.7 | 606.4
       Ossuary |  17.4 |  17.4 |   N/A |   N/A |   6.3 | 327.0
               +-------+-------+-------+-------+-------+----------------------
